 Dungeon Crawl Stone Soup version 0.31-a0-496-g6f97920a28 (webtiles) character file.

Game seed: 18088824644219210669

105 MisterAzrael the Ruffian (level 4, -1/35 HPs)
             Began as a Draconian Shapeshifter on Aug 9, 2023.
             Shot with a sling bullet by a goblin (5 damage)
             ... on level 3 of the Dungeon.
             The game lasted 00:01:33 (1786 turns).

MisterAzrael the Ruffian (Draconian Shapeshifter)   Turns: 1786, Time: 00:01:33

Health: -1/35      AC:  5    Str: 19    XL:     4   Next: 54%
Magic:  4/4        EV: 12    Int:  8    God:
Gold:   120        SH:  0    Dex: 12    Spells: 3/3 levels left

rFire   . .          .
                       - Unarmed
rCold   . . .        (no shield)
rNeg    . . .        (body armour unavailable)
rPois   .            (helmet currently unavailable)
rElec   .            (cloak currently unavailable)
rCorr   .            (gloves currently unavailable)
SInv    .            (boots currently unavailable)
Will    .....        (no amulet)
Stlth   +            (no ring)
HPRegen 0.25/turn    (no ring)
MPRegen 0.09/turn

%: no passive effects
@: beast-form, slowed, very slow
A: beast (slay +2), AC +5, unfitting armour, cold-blooded
a: Begin Untransformation


You were on level 3 of the Dungeon.
You were a hulking beast.
You visited 1 branch of the dungeon, and saw 3 of its levels.

You collected 120 gold pieces.

Inventory:

Jewellery
 p - an amulet of regeneration
Talismans
 b - a beast talisman (active)
 c - a flux talisman
Scrolls
 e - 2 scrolls of vulnerability {unknown}
 f - a scroll of blinking {unknown}
 i - 2 scrolls of immolation {unknown}
 j - 3 scrolls of identify {unknown}
 k - a scroll of teleportation {unknown}
 n - 3 scrolls of silence {unknown}
 o - a scroll of acquirement {unknown}
Potions
 a - a potion of lignification
 d - a potion of haste {unknown}
 g - a potion of brilliance {unknown}
 h - a potion of curing {unknown}
 l - a potion of mutation {unknown}
 m - a potion of resistance {unknown}
 q - a potion of enlightenment {unknown}


   Skills:
 - Level 1.1 Fighting
 - Level 1.7 Dodging
 + Level 5.4 Unarmed Combat
 - Level 3.0 Shapeshifting


You had 3 spell levels left.
You didn't know any spells.
Your spell library contained the following spells:

 Spells                   Type           Power      Damage    Failure   Level
 Shock                    Conj/Air       0%         1d3       41%         1
 Summon Small Mammal      Summ           0%         N/A       41%         1
 Ensorcelled Hibernation  Hex/Ice        0%         N/A       54%         2
 Passwall                 Tmut/Erth      0%         N/A       54%         2
 Call Canine Familiar     Summ           0%         N/A       78%         3
 Summon Guardian Golem    Hex/Summ       0%         N/A       78%         3
 Swiftness                Air            0%         N/A       78%         3
 Airstrike                Air            0%         2d(0-16)  99%         4


Dungeon Overview and Level Annotations

Branches:
Dungeon (3/15)

Altars:


Innate Abilities, Weirdness & Mutations

You are a hulking beast.
Your limbs bulge with bestial killing power. (Slay +2)
Your plain brown scales are hard. (AC +5)
You cannot fit into any form of body armour.
You are cold-blooded and may be slowed by cold attacks.


Message History

The endoplasm freezes you.
You are frozen.
You hit the frilled lizard.
The frilled lizard is heavily wounded.
The goblin shoots a sling bullet.
The sling bullet hits you but does no damage.
The frilled lizard bites you but does no damage.
The endoplasm freezes you.
You are frozen.
You are too injured to fight recklessly!
You are too injured to fight recklessly!
You miss the frilled lizard. Your punch misses the frilled lizard.
The frilled lizard is heavily wounded.
The frilled lizard closely misses you. The endoplasm misses you.
You miss the frilled lizard.
You feel yourself speed up.
The frilled lizard bites you but does no damage.
The endoplasm freezes you.
You are frozen.
You feel yourself slow down.
The goblin shoots a sling bullet.
The sling bullet hits you but does no damage.
The endoplasm hits you but does no damage.
The frilled lizard unfolds its giant frill.
The frilled lizard bites you.
You miss the frilled lizard.
The goblin shoots a sling bullet.
The sling bullet hits you. The frilled lizard bites you.
* * * LOW HITPOINT WARNING * * *
The endoplasm freezes you.
You are frozen.
* * * LOW HITPOINT WARNING * * *
You feel as though you will be slow longer.
The goblin shoots a sling bullet.
The sling bullet barely misses you.
You closely miss the frilled lizard. The frilled lizard bites you.
* * * LOW HITPOINT WARNING * * *
The endoplasm barely misses you.
The goblin shoots a sling bullet.
The sling bullet hits you.
* * * LOW HITPOINT WARNING * * *
The frilled lizard attacks as you move away!
The frilled lizard bites you but does no damage.
The goblin shoots a sling bullet.
The sling bullet hits you.
You die...

###### ......##########
...............#
...............##########
.....g...................
............†..########..
.......lh......########..
####...J.......#.........
#...........#.........
........................
..........############...
.......$..# ##..
.......#### ##. .......
## ..


You could see an endoplasm, a goblin and a frilled lizard.

Vanquished Creatures
  Jessica (D:2)
  An iguana (D:3)
  2 adders (D:3)
  A dart slug (D:1)
  5 endoplasms
  2 giant cockroaches (D:2)
  5 goblins
  A hobgoblin (D:1)
  5 kobolds
  3 ball pythons
  5 bats
  A frilled lizard (D:2)
  A rat (D:2)
33 creatures vanquished.

Notes
Turn   | Place    | Note
-------+----------+-------------------------------------------
     0 | D:1      | MisterAzrael the Draconian Shapeshifter began the quest for
                  | the Orb.
     0 | D:1      | Reached XP level 1. HP: 16/16 MP: 1/1
   216 | D:1      | Reached XP level 2. HP: 22/23 MP: 2/2
   930 | D:2      | Noticed Jessica
   936 | D:2      | Killed Jessica
   937 | D:2      | Reached skill level 4 in Unarmed Combat
   937 | D:2      | Reached XP level 3. HP: 25/28 MP: 3/3
  1525 | D:3      | Reached XP level 4. HP: 35/35 MP: 4/4
  1687 | D:3      | Reached skill level 5 in Unarmed Combat
  1786 | D:3      | Shot with a sling bullet by a goblin

Illustrated notes

Levels and vault maps discovered:
D:1:      minmay_arrival_four_houses, layout_basic, kennysheep_another_room,
          minmay_misc_feat_ornament
D:2:      layout_rooms, uniq_jessica
D:3:      kennysheep_six_static_rooms, layout_basic

Skill      XL: |  1  2  3  4 |
---------------+-------------+-----
Unarmed Combat | 4 5 |  5.4
Fighting       | |  1.1
Dodging        | |  1.7
Shapeshifting  | |  3.0

Action                     |  1- 3 |  4- 6 || total
---------------------------+-------+-------++-------
  Melee: Unarmed           |    67 |    26 ||    93
         Tailslap          |     8 |     3 ||    11
         Punch             |       |     1 ||     1
 Armour: Skin              |    16 |    12 ||    28
  Dodge: Dodged            |    36 |    14 ||    50

Table legend: (Time is in decaauts)
 A = Elapsed time spent in this place.
 B = Non-inter-level travel time spent in this place.
 C = Inter-level travel time spent in this place.
 D = Time resting spent in this place.
 E = Time spent auto-exploring this place.
 F = Levels seen in this place.
 G = Mean time per level.
                   A        B        C        D        E       F      G
               +--------+--------+--------+--------+--------+-----+--------+
         Total |   1781 |   1738 |     43 |      0 |   1502 |   3 |  593.7 |
       Dungeon |   1781 |   1738 |     43 |      0 |   1502 |   3 |  593.7 |
               +--------+--------+--------+--------+--------+-----+--------+

Top non-repeatable levels by time:
     D:1: 837 daAuts
     D:2: 583 daAuts
     D:3: 361 daAuts
